 Dungeon Crawl Stone Soup version 0.23.2-40-g277498a001 (webtiles) character file.

Game seed: 1957761443796306746

1097 FishyPogo the Conjurer (level 8, 0/52 HPs)
             Began as a Demonspawn Venom Mage on Sept 29, 2019.
             Was an Initiate of Okawaru.
             Slain by a water moccasin (6 damage)
             ... on level 6 of the Dungeon.
             The game lasted 00:24:25 (4872 turns).

FishyPogo the Conjurer (Demonspawn Venom Mage)      Turns: 4872, Time: 00:24:25

Health: 0/52       AC:  3    Str:  6 (9)  XL:     8   Next: 10%
Magic:  12/12      EV: 19    Int: 15 (16) God:    Okawaru [......]
Gold:   220        SH:  0    Dex: 14 (21) Spells: 6/13 levels left

rFire    + . .     SeeInvis .   a - +2 flail (drain)
rCold    + . .     Gourm    .   (no shield)
rNeg     . . .     Faith    .   q - +0 robe
rPois    +         Spirit   .   (helmet restricted)
rElec    +         Reflect  .   p - +0 cloak
rCorr    +         Harm     .   (no gloves)
MR       .....                  (no boots)
Stlth    +++.......             g - amulet of magic regeneration
HPRegen  0.17/turn              (no ring)
MPRegen  0.38/turn              (no ring)

@: agile, lethally poisoned (0 -> -11), resistant, flying, lightly drained
A: antennae 1, powered by death 2
a: Renounce Religion


You were on level 6 of the Dungeon.
You worshipped Okawaru.
Okawaru was noncommittal.
You were not hungry.

You visited 1 branch of the dungeon, and saw 6 of its levels.

You collected 220 gold pieces.

Inventory:

Hand Weapons
 a - a +2 flail of draining (weapon)
 b - the +0 mace "Suefreops" {protect, rC+}
   (You found it on level 5 of the Dungeon)

   It protects the one who uses it against injury (+AC on strike).
   It protects you from cold.
Missiles
 u - 293 stones (quivered)
Armour
 l - a +2 chain mail of fire resistance
 p - a +0 cloak (worn)
 q - a +0 robe (worn)
Jewellery
 g - an amulet of magic regeneration (around neck)
 v - an uncursed amulet of faith
Wands
 m - a wand of random effects (12)
Scrolls
 e - a scroll of immolation {unknown}
 h - 3 scrolls of remove curse
 i - 4 scrolls of identify
 k - a scroll of random uselessness {unknown}
Potions
 d - a potion of degeneration
 j - a potion of magic {unknown}
 t - a potion of brilliance {unknown}
Comestibles
 c - 9 rations
 r - a chunk of flesh


   Skills:
 + Level 4.4(4.2) Dodging
 - Level 2.0(1.8) Stealth
 - Level 3.0(2.8) Spellcasting
 * Level 6.3(6.1) Conjurations
 + Level 5.4(5.2) Poison Magic
 + Level 0.3(0.1) Invocations
 + Level 0.2(0.0) Evocations


You had 6 spell levels left.
You knew the following spells:

 Your Spells              Type           Power        Failure   Level  Hunger
a - Sting                 Conj/Pois      ###.         1%          1    #......
b - Magic Dart            Conj           ###.         1%          1    #......
c - Mephitic Cloud        Conj/Pois/Air  ##......     13%         3    ###....
d - Poisonous Vapours     Pois/Air       #.....       11%         2    ##.....

Your spell library contained the following spells:

 Spells                   Type           Power        Failure   Level  Hunger
 Conjure Flame            Conj/Fire      ##......     17%         3    ###....
 Olgreb's Toxic Radiance  Pois           ###.....     24%         4    #####..
 Blink                    Tloc           N/A          30%         2    ##.....
 Call Imp                 Summ           #.......     30%         2    ##.....
 Slow                     Hex            #.......     30%         2    ##.....
 Venom Bolt               Conj/Pois      ###.......   50%         5    ######.


Dungeon Overview and Level Annotations

Branches:
Dungeon (6/15)             Temple (0/1) D:5

Altars:
Cheibriados
Okawaru
Sif Muna

Shops:
D:5 :


Innate Abilities, Weirdness & Mutations

You have a pair of small antennae on your head.
You regenerate health from kills.


Message History

* * * LOW HITPOINT WARNING * * *
You feel sick. The water moccasin misses you.
It was a potion of resistance.
You feel protected.
* * * LOW HITPOINT WARNING * * *
You feel sick. The water moccasin closely misses you.
You are confused.
You feel invigorated.
* * * LOW HITPOINT WARNING * * *
You feel sick. The water moccasin misses you.
The water moccasin closely misses you.
* * * LOW HITPOINT WARNING * * *
You feel sick. The water moccasin bites you!
* * * LOW HITPOINT WARNING * * *
You're too confused to move!
You feel less invigorated.
You feel less confused.
* * * LOW HITPOINT WARNING * * *
You feel sick. The water moccasin barely misses you.
The water moccasin bites you.
You die...

#.....# #.....# #.....#
......# ..######
.......#######
######.......###########
#>.....)....S....$.
#..........@....... #
#.......########### #
#.......# # #.......# #
######### # ## .# .#


You could see a water moccasin.

Vanquished Creatures
  Sigmund (D:5)
  Duvessa (D:4)
  A sky beast (D:5)
  A bullfrog (D:5)
  Dowan (D:4)
  A scorpion (D:5)
  A howler monkey (D:5)
  A hound (D:4)
  A jelly (D:4)
  A bullfrog zombie (D:5)
  A quasit (D:5)
  Crazy Yiuf (D:5)
  Terence (D:2)
  2 iguanas
  2 worker ants (D:4)
  A hound zombie (D:5)
  8 gnolls
  10 adders
  A shadow imp (D:6)
  2 worms
  A dart slug (D:1)
  4 leopard geckos
  8 orcs
  8 giant cockroaches
  6 hobgoblins
  10 jackals
  5 bats
  3 frilled lizards
  7 goblins
  3 kobolds
  A leopard gecko skeleton (D:4)
  A quokka skeleton (D:4)
  A quokka zombie (D:5)
  2 rats (D:3)
99 creatures vanquished.

Vanquished Creatures (collateral kills)
  An orc (D:5)
  A hobgoblin (D:2)
2 creatures vanquished.

Grand Total: 101 creatures vanquished

Notes
Turn   | Place    | Note
-------+----------+-------------------------------------------
     0 | D:1      | FishyPogo the Demonspawn Venom Mage began the quest for the
                  | Orb.
     0 | D:1      | Reached XP level 1. HP: 13/13 MP: 3/3
   248 | D:1      | Gained mutation: You have a pair of small antennae on your
                  | head. [demonic ancestry]
   248 | D:1      | Reached XP level 2. HP: 5/19 MP: 1/5
   252 | D:1      | Learned a level 2 spell: Poisonous Vapours
   735 | D:2      | Reached skill level 2 in Conjurations
   735 | D:2      | Gained mutation: You regenerate a little health from kills.
                  | [demonic ancestry]
   735 | D:2      | Reached XP level 3. HP: 22/24 MP: 1/6
   740 | D:2      | Learned a level 3 spell: Mephitic Cloud
  1284 | D:2      | Noticed Terence
  1294 | D:2      | Killed Terence
  1294 | D:2      | Reached XP level 4. HP: 20/30 MP: 2/7
  2293 | D:4      | Reached skill level 3 in Conjurations
  2327 | D:4      | Reached XP level 5. HP: 18/35 MP: 3/9
  2330 | D:4      | Noticed Duvessa
  2751 | D:4      | Reached XP level 6. HP: 24/41 MP: 3/10
  2897 | D:4      | Noticed Dowan
  2900 | D:4      | Killed Duvessa
  2900 | D:4      | Reached skill level 4 in Conjurations
  2908 | D:4      | Killed Dowan
  3192 | D:4      | Found an iron altar of Okawaru.
  3355 | D:4      | Became a worshipper of Warmaster Okawaru
  3432 | D:5      | Entered Level 5 of the Dungeon
  3435 | D:5      | Noticed Sigmund
  3451 | D:5      | HP: 1/41 [quasit (2)]
  3453 | D:5      | Reached XP level 7. HP: 1/46 MP: 11/11
  3455 | D:5      | Found a snail-covered altar of Cheibriados.
  3455 | D:5      | Found a deep blue altar of Sif Muna.
  3578 | D:5      | Killed Sigmund
  3578 | D:5      | Reached skill level 5 in Conjurations
  3660 | D:5      | Reached skill level 5 in Poison Magic
  3837 | D:5      | Found Boddish's Book Emporium.
  4015 | D:5      | Learned a level 1 spell: Magic Dart
  4024 | D:5      | Reached skill level 6 in Conjurations
  4177 | D:5      | Got an ivory mace
  4179 | D:5      | Got a steaming mace
  4181 | D:5      | Found a runed translucent door.
  4182 | D:5      | Noticed Crazy Yiuf
  4185 | D:5      | Identified the cursed +0 mace "Suefreops" {protect, rC+}
                  | (You found it on level 5 of the Dungeon)
  4199 | D:5      | Killed Crazy Yiuf
  4199 | D:5      | Gained mutation: You regenerate health from kills. [demonic
                  | ancestry]
  4199 | D:5      | Reached XP level 8. HP: 48/52 MP: 0/12
  4489 | D:5      | Found a staircase to the Ecumenical Temple.
  4872 | D:6      | Slain by a water moccasin

Skill      XL: |  1  2  3  4  5  6  7 |
---------------+----------------------+-----
Stealth        | 2 |  2.0
Dodging        | 2 3 4 |  4.4
Conjurations   | 2 3 4 6 |  6.3
Spellcasting   | 3 |  3.0
Poison Magic   | 4 5 |  5.4
Invocations    | |  0.3
Evocations     | |  0.2

Action                   |  1- 3 |  4- 6 |  7- 9 || total
-------------------------+-------+-------+-------++-------
Melee: Unarmed           |    27 |       |       ||    27
       Dagger            |    21 |    58 |       ||    79
       Flail             |       |    36 |    49 ||    85
       Mace              |       |       |     2 ||     2
 Cast: Sting             |    56 |    62 |    39 ||   157
       Poisonous Vapours |    10 |    18 |    12 ||    40
       Mephitic Cloud    |     1 |    10 |     4 ||    15
       Magic Dart        |       |       |    25 ||    25
  Use: Scroll            |       |     3 |     3 ||     6
       Potion            |       |       |     5 ||     5
 Stab: Confused          |       |     5 |     1 ||     6
       Sleeping          |       |     1 |       ||     1
  Eat: Chunk             |     3 |    10 |     6 ||    19
Armor: Robe              |    12 |    39 |    13 ||    64
Dodge: Dodged            |    19 |   110 |    76 ||   205
